Map: Cosmic Sapphire

Players

ShoWTimE - Winner!

  • Race: Protoss Protoss
  • Spawn Location: 5:00

DPGDark (Dark)

  • Race: Zerg Zerg
  • League: Master
  • Spawn Location: 11:00

VOD

Have the link to the VOD?

Description

Time

  • Played on: Oct. 22, 2022, 9:03 a.m.
  • Length: 32:52
Show
View Real Time Build Order
Export as new Build Order

ShoWTimE Protoss - Winner!

Build Orders: 1 Gate Expand, Oracle Opening, Carriers 

Get SALT Encoding   

  12  0:00  Probe  
  13  0:12  Probe  
  14  0:17  Pylon  
  14  0:24  Probe (Chrono Boost)  
  15  0:36  Probe (Chrono Boost)  
  15  0:39  Gateway  
  16  0:45  Probe (Chrono Boost)  
  16  0:47  Assimilator  
  17  0:51  Probe  
  18  1:03  Probe  
  19  1:15  Probe  
  20  1:24  Nexus  
  20  1:27  Probe  
  21  1:38  Cybernetics Core  
  21  1:42  Assimilator  
  21  1:45  Probe  
  22  1:51  Pylon  
  22  1:57  Probe  
  23  2:09  Probe (Chrono Boost)  
  23  2:15  Adept  
  26  2:16  Stargate  
  26  2:21  Probe (Chrono Boost)  
  27  2:24  Warp Gate  
  27  2:26  Probe (Chrono Boost)  
  28  2:37  Probe (Chrono Boost)  
  30  2:41  Probe (Chrono Boost)  
  30  2:45  Stalker  
  30  2:46  Probe (Chrono Boost)  
  30  2:49  Probe (Chrono Boost)  
  34  2:51  Probe (Chrono Boost)  
  35  2:58  Oracle (Chrono Boost)  
  35  3:00  Probe  
  35  3:03  Probe  
  40  3:09  Pylon  
  40  3:12  Probe  
  41  3:15  Adept, Probe  
  44  3:24  Probe  
  45  3:27  Probe  
  45  3:30  Oracle (Chrono Boost)  
  49  3:40  Nexus  
  49  3:42  Probe x2  
  49  3:46  Pylon  
  51  3:53  Assimilator  
  51  3:55  Probe x2  
  53  3:56  Assimilator  
  53  4:04  Oracle  
  53  4:07  Probe x2  
  53  4:09  Pylon  
  58  4:16  Adept  
  60  4:19  Probe x2  
  62  4:29  Twilight Council  
  62  4:30  Gateway  
  62  4:31  Probe x2  
  62  4:34  Gateway  
  64  4:43  Forge  
  64  4:44  Probe x2 (Chrono Boost)  
  64  4:45  Stalker  
  68  4:52  Probe (Chrono Boost)  
  69  4:56  Probe x2 (Chrono Boost), Pylon  
  71  5:01  Shield Battery  
  71  5:02  Probe (Chrono Boost)  
  71  5:03  Probe x2 (Chrono Boost)  
  71  5:07  Probe (Chrono Boost)  
  74  5:10  Probe x2  
  74  5:13  Protoss Ground Weapons Level 1 (Chrono Boost)  
  75  5:14  Blink (Chrono Boost)  
  75  5:16  Stalker  
  75  5:19  Probe  
  78  5:22  Probe  
  78  5:23  Probe  
  80  5:31  Probe  
  80  5:33  Photon Cannon  
  80  5:35  Photon Cannon  
  80  5:38  Shield Battery, Stalker x2  
  80  5:42  Shield Battery  
  84  5:46  Photon Cannon, Stalker  
  84  5:49  Pylon  
  86  5:53  Photon Cannon  
  86  5:56  Shield Battery  
  86  5:58  Probe x3  
  89  6:06  Stalker x2, Assimilator, Pylon  
  89  6:09  Assimilator  
  93  6:17  Probe x3  
  93  6:18  Gateway x2  
  96  6:20  Templar Archives, Gateway  
  96  6:27  Gateway  
  96  6:30  Pylon  
  96  6:33  Pylon  
  90  6:41  Probe  
  91  6:55  Charge (Chrono Boost)  
  91  6:56  Robotics Facility  
  91  6:58  Stalker x2  
  91  6:59  Pylon  
  95  7:01  Nexus  
  95  7:03  Psionic Storm  
  95  7:05  Pylon  
  95  7:13  Forge  
  95  7:14  Protoss Ground Weapons Level 2 (Chrono Boost)  
  95  7:18  Photon Cannon  
  95  7:20  High Templar x3  
  95  7:21  Photon Cannon, High Templar  
  104  7:22  Probe  
  104  7:23  Shield Battery, Probe x2  
  104  7:27  Shield Battery  
  106  7:31  High Templar  
  108  7:39  Pylon  
  108  7:41  Gateway, High Templar  
  108  7:42  Gateway  
  108  7:44  Probe x3, Assimilator  
  112  7:46  Protoss Shields Level 1 (Chrono Boost), Observer  
  112  7:49  Assimilator  
  114  7:55  Photon Cannon  
  114  7:58  Probe x3  
  117  8:06  Gateway  
  117  8:12  Zealot x6  
  123  8:15  Probe x2  
  123  8:17  Warp Prism (Chrono Boost), Protoss Air Weapons Level 1 (Chrono Boost)  
  133  8:22  Probe x2  
  135  8:27  Probe  
  135  8:28  Fleet Beacon  
  135  8:31  Stargate  
  136  8:36  Stargate  
  136  8:37  Photon Cannon  
  136  8:51  Immortal (Chrono Boost), Probe x2  
  136  8:53  Photon Cannon x2  
  136  8:55  Photon Cannon  
  142  9:02  Photon Cannon  
  142  9:05  Shield Battery, High Templar x2  
  142  9:09  Pylon  
  146  9:13  Photon Cannon  
  146  9:14  Photon Cannon  
  146  9:19  Carrier (Chrono Boost)  
  148  9:24  Carrier (Chrono Boost)  
  152  9:31  Zealot  
  152  9:34  Carrier (Chrono Boost)  
  152  9:37  High Templar  
  152  9:38  High Templar  
  158  9:39  Zealot x3  
  158  9:42  Archon x2  
  164  9:45  Zealot  
  164  9:50  Immortal  
  170  9:58  Pylon  
  170  9:59  Pylon  
  170  10:00  Pylon  
  170  10:01  Zealot  
  170  10:14  Zealot  
  166  10:22  Zealot x2  
  166  10:23  Zealot x7  
  166  10:25  Carrier (Chrono Boost)  
  184  10:32  Carrier  
  188  10:41  Protoss Ground Weapons Level 3 (Chrono Boost)  
  188  10:42  Immortal (Chrono Boost)  
  172  10:44  Carrier (Chrono Boost)  
  172  10:45  Protoss Ground Armor Level 1 (Chrono Boost)  
  172  10:52  Photon Cannon  
  172  11:01  Protoss Air Weapons Level 2 (Chrono Boost)  
  172  11:03  High Templar  
  166  11:04  Gateway, High Templar  
  166  11:09  Archon  
  168  11:18  Immortal (Chrono Boost)  
  168  11:22  High Templar x2  
  168  11:23  Zealot x4  
  180  11:27  Archon, Gateway  
  180  11:30  Gateway  
  188  11:43  Carrier (Chrono Boost)  
  188  11:45  Carrier (Chrono Boost)  
  188  11:46  Nexus  
  188  11:47  Carrier (Chrono Boost), Pylon  
  188  11:48  Pylon  
  194  11:59  Pylon  
  192  12:10  Photon Cannon  
  192  12:11  Photon Cannon  
  192  12:13  Photon Cannon  
  192  12:14  Observer (Chrono Boost), Photon Cannon  
  189  12:17  Shield Battery  
  189  12:18  Shield Battery  
  189  12:21  Pylon  
  189  12:22  High Templar x2  
  189  12:23  High Templar x2  
  189  12:25  Pylon  
  189  12:27  Archon  
  189  12:29  Archon, Assimilator  
  193  12:51  Zealot, High Templar x2  
  195  12:56  Archon  
  199  13:17  Assimilator  
  183  13:34  Zealot x6  
  183  13:35  Zealot x3  
  171  13:43  Carrier x3 (Chrono Boost)  
  170  13:55  High Templar x8  
  176  13:56  Zealot x3  
  176  13:59  Archon x3  
  176  14:00  Archon  
  176  14:01  Immortal (Chrono Boost)  
  192  14:13  Nexus  
  192  14:15  Pylon  
  192  14:27  Observer  
  192  14:29  Protoss Ground Armor Level 2 (Chrono Boost)  
  193  14:33  Protoss Shields Level 2 (Chrono Boost)  
  193  14:37  High Templar x2  
  196  14:40  Oracle  
  196  14:41  Archon  
  199  14:51  Observer  
  200  14:57  Protoss Air Weapons Level 3 (Chrono Boost)  
  194  15:25  High Templar x2  
  194  15:26  Zealot  
  200  15:29  Archon  
  137  15:46  Stalker x6  
  137  15:47  Zealot x3  
  113  15:50  Immortal (Chrono Boost)  
  128  15:57  Void Ray x3  
  128  15:58  Photon Cannon  
  128  16:00  Photon Cannon  
  128  16:02  Robotics Facility, Photon Cannon, High Templar x6  
  140  16:07  Archon x3  
  140  16:11  Unknown  
  140  16:16  High Templar x2  
  144  16:21  Zealot x3  
  144  16:22  Immortal (Chrono Boost)  
  153  16:36  Shield Battery  
  153  16:37  Gateway  
  153  16:38  Shield Battery  
  165  16:41  Void Ray x2 (Chrono Boost), Photon Cannon  
  165  16:43  Gateway, Pylon  
  165  16:45  Gateway  
  165  16:48  Zealot  
  165  16:49  Void Ray (Chrono Boost), Gateway  
  165  16:51  Immortal (Chrono Boost)  
  165  16:52  Gateway  
  175  16:54  Immortal (Chrono Boost)  
  175  17:02  Mothership (Chrono Boost)  
  175  17:03  Robotics Facility  
  183  17:12  Photon Cannon  
  181  17:24  High Templar x2  
  181  17:28  Oracle (Chrono Boost)  
  181  17:29  Observer (Chrono Boost)  
  186  17:34  Zealot x8  
  199  17:45  Observer  
  195  18:06  Zealot x2  
  198  18:13  Flux Vanes  
  198  18:14  Zealot  
  200  18:47  Nexus  
  200  18:48  Pylon  
  198  19:08  Stargate  
  198  19:09  Stargate  
  195  19:40  Zealot  
  191  20:05  Observer  
  139  20:13  Immortal (Chrono Boost)  
  117  20:18  Oracle (Chrono Boost)  
  112  20:23  High Templar x2  
  112  20:24  High Templar  
  112  20:25  High Templar x13  
  112  20:26  Immortal (Chrono Boost)  
  146  20:29  Archon  
  146  20:30  Archon x5  
  146  20:37  Immortal (Chrono Boost)  
  150  20:44  Observer (Chrono Boost)  
  150  20:48  Immortal (Chrono Boost)  
  154  20:53  Oracle (Chrono Boost)  
  154  20:54  Immortal  
  158  20:57  High Templar x3  
  158  20:58  High Templar  
  158  20:59  Zealot x7  
  158  21:00  Zealot x5  
  158  21:02  Archon x2  
  193  21:08  Immortal (Chrono Boost)  
  174  21:17  Archon  
  138  21:21  Zealot  
  138  21:22  Zealot x10  
  138  21:25  Observer (Chrono Boost)  
  155  21:30  Immortal (Chrono Boost)  
  155  21:39  Oracle (Chrono Boost)  
  159  21:43  High Templar x2  
  159  21:44  Zealot x10  
  159  21:45  Zealot  
  192  21:49  Immortal (Chrono Boost)  
  192  21:52  High Templar  
  194  21:56  Photon Cannon  
  194  21:57  Photon Cannon  
  194  21:58  Stalker  
  194  21:59  Photon Cannon  
  196  22:05  Zealot x2  
  198  22:14  Zealot  
  198  22:15  Zealot  
  199  22:19  Protoss Ground Armor Level 3  
  178  22:31  Observer  
  178  22:35  Zealot x4  
  178  22:36  Zealot x10  
  199  23:01  Pylon  
  199  23:04  Oracle (Chrono Boost)  
  196  23:19  Oracle (Chrono Boost), Stalker x2  
  181  23:20  Zealot x6  
  181  23:21  Stalker x2  
  181  23:22  Zealot x12  
  181  23:24  Observer (Chrono Boost)  
  189  23:28  Zealot x2  
  189  23:42  Photon Cannon  
  189  23:43  Photon Cannon  
  189  23:45  Shield Battery  
  189  23:48  Pylon  
  189  23:51  Pylon  
  189  23:59  Nexus  
  189  24:01  Shield Battery  
  189  24:02  Shield Battery  
  189  24:03  Zealot x4  
  189  24:04  Photon Cannon, Stalker  
  189  24:06  Pylon  
  199  24:18  Observer  
  199  24:23  Nexus  
  189  24:29  Nexus  
  189  24:31  Photon Cannon  
  189  24:33  Photon Cannon  
  189  24:49  Observer  
  189  24:59  Observer  
  185  25:16  High Templar x4  
  191  25:43  Probe (Chrono Boost)  
  192  25:53  Probe (Chrono Boost)  
  192  25:56  Zealot x3  
  199  25:58  Probe (Chrono Boost)  
  166  26:08  Zealot  
  166  26:09  Zealot x6  
  166  26:10  Probe (Chrono Boost)  
  137  26:13  Probe (Chrono Boost)  
  129  26:21  Probe (Chrono Boost)  
  130  26:26  Probe (Chrono Boost)  
  121  26:36  Probe  
  122  26:45  Assimilator  
  120  26:48  Observer  
  120  26:49  Assimilator  
  120  26:53  Zealot x3, High Templar  
  120  26:54  High Templar x3  
  135  26:58  Probe  
  134  27:08  Zealot x6  
  134  27:10  Archon, Probe  
  146  27:22  Probe  
  137  27:46  Zealot x10  
  155  27:55  Observer  
  156  28:15  Zealot x2  
  156  28:16  Zealot x5  
  168  28:33  Photon Cannon  
  168  28:37  Observer, Photon Cannon  
  169  28:44  Zealot x4  
  173  29:08  Zealot x6  
  181  29:33  Carrier  
  181  29:34  Carrier  
  193  29:57  Pylon  
  191  30:08  Carrier  
  197  30:26  Observer  
  197  30:40  Carrier (Chrono Boost)  
  195  30:59  Observer  
  184  31:21  High Templar x2  
  184  31:22  Zealot x7  
  194  31:26  Archon  
  194  32:08  Zealot x3  
  200  32:29  Observer  
Show
View Real Time Build Order
Export as new Build Order

DPGDark Zerg 

Build Orders: Hatch First, Lurkers 

Get SALT Encoding   

  12  0:00  Drone  
  13  0:11  Overlord  
  13  0:17  Drone  
  14  0:30  Drone x2  
  16  0:48  Hatchery  
  15  0:51  Drone  
  15  0:55  Drone  
  17  0:58  Drone  
  18  1:09  Extractor  
  17  1:13  Spawning Pool  
  17  1:15  Drone  
  17  1:20  Drone  
  18  1:28  Drone  
  19  1:39  Drone  
  20  1:50  Drone  
  21  1:59  Queen x2  
  21  2:00  Zergling x2  
  27  2:01  Drone  
  27  2:10  Overlord  
  27  2:12  Drone  
  27  2:13  Metabolic Boost  
  28  2:29  Drone x2  
  30  2:33  Drone x2  
  32  2:43  Drone  
  33  2:45  Hatchery  
  33  2:47  Queen  
  34  2:55  Overlord  
  34  2:57  Drone x2  
  36  3:13  Queen  
  36  3:14  Drone x5  
  36  3:19  Overlord  
  43  3:24  Spore Crawler, Queen  
  44  3:30  Spore Crawler, Drone  
  44  3:36  Overlord  
  44  3:39  Drone  
  45  3:42  Drone x2  
  45  3:44  Drone  
  45  3:47  Zergling x4  
  50  3:49  Queen  
  52  3:55  Drone x2  
  52  3:56  Drone x2  
  52  4:01  Drone x3  
  59  4:08  Spore Crawler  
  59  4:09  Drone  
  59  4:10  Drone x2  
  59  4:15  Drone x3  
  59  4:16  Extractor  
  63  4:17  Queen  
  63  4:18  Drone  
  65  4:24  Zergling x4  
  66  4:33  Roach Warren  
  66  4:34  Overlord  
  66  4:35  Overlord  
  66  4:38  Overlord  
  65  4:39  Drone  
  65  4:43  Overlord, Extractor  
  65  4:44  Extractor x2  
  65  4:45  Drone x3  
  66  4:50  Overlord  
  66  4:53  Drone x3  
  66  4:56  Drone  
  70  5:13  Overlord  
  69  5:18  Roach x10  
  89  5:25  Zergling x2  
  89  5:27  Roach  
  96  5:28  Roach x2  
  96  5:32  Zergling x4  
  98  5:37  Zergling x6  
  98  5:38  Zergling x2  
  98  5:39  Lair  
  98  5:41  Overlord  
  103  5:42  Zergling x2  
  103  5:48  Ravager x3  
  106  5:52  Drone x3  
  109  5:59  Drone  
  109  6:00  Evolution Chamber  
  109  6:01  Drone x2  
  111  6:04  Drone  
  111  6:05  Drone  
  111  6:06  Drone  
  111  6:10  Hatchery  
  111  6:11  Drone x2  
  114  6:15  Drone  
  115  6:20  Drone x3, Extractor  
  115  6:22  Drone  
  118  6:26  Drone x2  
  118  6:27  Zerg Missile Weapons Level 1  
  120  6:38  Drone  
  121  6:41  Overseer  
  121  6:45  Drone  
  121  6:46  Infestation Pit  
  121  6:47  Overlord x2  
  121  6:49  Hydralisk Den  
  121  6:50  Overlord  
  120  6:54  Overlord  
  120  6:56  Drone x2  
  121  7:02  Overlord x3  
  121  7:06  Drone x5  
  127  7:08  Drone x2  
  127  7:14  Drone  
  129  7:16  Overlord  
  129  7:17  Hatchery  
  129  7:21  Grooved Spines  
  128  7:26  Lurker Den  
  128  7:27  Hive  
  127  7:31  Evolution Chamber  
  127  7:33  Hydralisk x7  
  127  7:35  Extractor  
  127  7:36  Drone, Extractor  
  127  7:37  Spore Crawler, Drone  
  138  7:38  Drone  
  138  7:41  Overlord  
  140  7:47  Hydralisk x3  
  140  7:49  Hydralisk  
  148  7:53  Drone x3  
  151  7:58  Hydralisk x2  
  151  8:00  Zerg Ground Armor Level 1  
  155  8:07  Hydralisk x2  
  155  8:11  Drone  
  160  8:13  Hydralisk x2  
  160  8:15  Overseer  
  160  8:19  Pneumatized Carapace  
  164  8:21  Overlord  
  164  8:22  Overlord, Spine Crawler  
  164  8:27  Lurker x6  
  169  8:28  Lurker  
  169  8:32  Overlord  
  170  8:41  Lurker x2  
  172  8:44  Adaptive Talons  
  172  8:48  Zergling x26  
  173  8:54  Zerg Missile Weapons Level 2  
  185  8:59  Zergling x10  
  190  9:09  Hatchery  
  189  9:11  Nydus Network  
  181  9:25  Lurker x2  
  181  9:26  Lurker x2  
  185  9:36  Zergling x20  
  194  9:41  Seismic Spines  
  194  9:50  Spire  
  194  9:51  Spire  
  192  9:59  Zergling x16  
  196  10:12  Hydralisk x3  
  196  10:14  Hydralisk  
  196  10:17  Hydralisk x5  
  196  10:19  Zergling x8  
  196  10:20  Zergling x4  
  196  10:21  Overlord  
  200  10:23  Nydus Canal  
  196  10:32  Hydralisk x3  
  196  10:33  Hydralisk  
  166  10:48  Drone x4  
  166  10:49  Drone x3  
  167  10:50  Zerg Ground Armor Level 2  
  166  11:01  Corruptor  
  166  11:03  Zerg Flyer Weapons Level 1, Zerg Flyer Armor Level 1  
  163  11:14  Corruptor x7  
  163  11:15  Hatchery, Extractor  
  163  11:18  Corruptor, Extractor  
  176  11:28  Drone x5  
  181  11:36  Viper x2  
  187  11:43  Zerg Melee Weapons Level 1  
  186  11:49  Lurker  
  186  11:51  Lurker  
  188  12:01  Spore Crawler  
  188  12:02  Spore Crawler, Corruptor x2  
  188  12:05  Spore Crawler, Drone x3  
  188  12:07  Spore Crawler x2  
  190  12:08  Spore Crawler  
  190  12:09  Drone  
  190  12:10  Drone x2  
  190  12:14  Spore Crawler, Corruptor x3  
  197  12:16  Overseer  
  197  12:19  Overseer  
  197  12:29  Drone x3  
  200  12:33  Muscular Augments  
  200  12:44  Spore Crawler  
  200  12:45  Spore Crawler  
  200  12:46  Spore Crawler x2, Lurker x4  
  200  12:47  Spore Crawler x2  
  189  12:51  Corruptor x2  
  193  13:00  Corruptor  
  193  13:01  Corruptor  
  197  13:08  Corruptor  
  199  13:15  Zerg Ground Armor Level 3  
  199  13:20  Spore Crawler  
  199  13:22  Spore Crawler  
  199  13:25  Spore Crawler  
  183  13:28  Corruptor x3  
  166  13:37  Hydralisk x3  
  166  13:40  Roach x4  
  166  13:41  Zergling x8  
  163  13:49  Queen x5  
  163  13:51  Corruptor, Drone x3  
  163  13:53  Drone  
  179  13:58  Drone x2  
  179  14:00  Spine Crawler  
  180  14:03  Drone x2  
  180  14:04  Drone  
  180  14:07  Spore Crawler  
  180  14:08  Viper x2  
  188  14:19  Lurker  
  188  14:20  Lurker  
  190  14:30  Lurker x3  
  190  14:37  Zerg Flyer Weapons Level 2  
  190  14:38  Zerg Flyer Armor Level 2  
  189  14:47  Spore Crawler x2  
  189  14:48  Spore Crawler  
  189  14:49  Spore Crawler, Drone x2  
  189  14:51  Drone x4  
  189  14:52  Spine Crawler  
  190  14:54  Spine Crawler  
  190  14:55  Drone x5  
  190  14:56  Drone x4  
  198  15:03  Spore Crawler, Spine Crawler  
  196  15:09  Hydralisk x2  
  196  15:11  Zerg Melee Weapons Level 2  
  200  15:22  Spore Crawler  
  200  15:25  Spore Crawler  
  200  15:27  Spore Crawler  
  195  15:29  Corruptor x2  
  195  15:30  Spore Crawler  
  145  15:51  Hydralisk x9  
  145  15:52  Viper  
  145  15:53  Viper  
  167  16:04  Hydralisk x2  
  167  16:05  Hydralisk  
  173  16:12  Zerg Missile Weapons Level 3  
  173  16:15  Corruptor x3  
  173  16:16  Corruptor  
  181  16:28  Corruptor  
  181  16:29  Corruptor x2  
  185  16:41  Lurker x8  
  185  16:42  Lurker  
  194  16:48  Spine Crawler x2  
  194  16:49  Spine Crawler  
  191  16:58  Hydralisk x4  
  199  17:12  Overseer x2  
  199  17:13  Overseer x2  
  199  17:25  Nydus Canal  
  199  17:38  Zerg Flyer Weapons Level 3, Zerg Flyer Armor Level 3  
  196  17:59  Hydralisk x2  
  197  18:18  Hydralisk x3  
  200  18:33  Zerg Melee Weapons Level 3  
  200  18:43  Pathogen Glands  
  200  18:50  Spine Crawler  
  200  18:51  Spore Crawler  
  200  18:52  Spine Crawler  
  200  18:54  Spore Crawler, Lurker  
  200  18:55  Lurker x2  
  199  19:07  Spine Crawler x2  
  197  19:10  Lurker x3  
  197  19:14  Spine Crawler  
  197  19:15  Spine Crawler  
  198  19:17  Spine Crawler  
  198  19:21  Spore Crawler x2, Spine Crawler  
  198  19:22  Spine Crawler  
  193  19:28  Lurker x7  
  186  20:05  Hydralisk  
  186  20:06  Hydralisk x16  
  192  20:18  Hydralisk x7  
  198  20:28  Hatchery  
  197  20:42  Overlord  
  194  20:46  Lurker x4, Nydus Canal  
  198  21:09  Hydralisk x3  
  137  21:19  Zergling x24  
  143  21:32  Zergling x2, Drone x6  
  145  21:34  Hydralisk x2  
  145  21:38  Spore Crawler x2  
  147  21:41  Spore Crawler  
  147  21:43  Extractor  
  147  21:45  Spore Crawler x2, Lurker  
  147  21:46  Spore Crawler x2  
  142  21:47  Zergling x10  
  147  21:54  Spine Crawler  
  146  22:10  Hatchery  
  146  22:14  Zergling x2  
  146  22:15  Zergling x12  
  151  22:24  Spine Crawler  
  137  22:40  Lurker  
  137  22:42  Zergling x24  
  150  22:48  Unknown  
  137  23:16  Drone x3  
  134  23:31  Zergling x4  
  134  23:33  Drone x4  
  139  23:34  Spore Crawler  
  139  23:37  Spine Crawler  
  139  23:38  Spore Crawler  
  125  24:00  Zergling x4  
  117  24:27  Lurker x2, Hydralisk x4  
  127  24:32  Hydralisk x3  
  127  24:33  Zergling x16  
  141  24:39  Hydralisk  
  141  24:42  Zergling x4  
  135  25:02  Lurker  
  128  25:19  Lurker  
  128  25:20  Zergling x16  
  128  25:21  Zergling x8  
  141  25:26  Zergling x2  
  142  25:32  Zergling x6  
  102  26:13  Lurker  
  102  26:14  Lurker x2  
  98  26:29  Zergling x28  
  108  27:03  Hatchery  
  106  27:25  Unknown  
  91  27:41  Hatchery  
  88  28:20  Hydralisk x3  
  88  28:21  Hydralisk  
  90  28:33  Zergling x4  
  89  29:10  Hydralisk  
  89  29:11  Hydralisk x2  
  94  29:21  Zergling x2  
  94  29:22  Zergling x6  
  98  29:33  Lurker  
  99  29:39  Zergling x12  
  106  29:52  Lurker  
  106  29:53  Zergling x8  
  110  30:03  Lurker  
  111  30:15  Hydralisk  
  111  30:33  Lurker  
  111  30:34  Zergling x14  
  117  30:45  Zergling x18  
  125  30:59  Lurker  
  126  31:08  Zergling x12  
  132  31:12  Hydralisk x2  
  135  31:29  Lurker  
  135  31:32  Zergling x12  
  142  31:36  Hydralisk  
  144  31:46  Hydralisk  
  146  31:57  Zergling x10  
  152  32:08  Lurker  
  152  32:14  Zergling x4  
  154  32:27  Hydralisk x2  
Tags
 
Add a new tag
Caveats
  • Supply blocks, unpowered buildings, or Contaminate may cause inaccurate times.
  • Supply counts are checked every 10 seconds.